 Dungeon Crawl Stone Soup version 0.31-a0-1074-g0b22e4e0f1 (webtiles) character file.

Game seed: 14254953771333863734

421 ytrimaz the Insei (level 6, -1/43 HPs)
             Began as a Demonspawn Shapeshifter on Dec 5, 2023.
             Was a Believer of Lugonu.
             Slain by a gnoll
             ... wielding a +0 flail
              (8 damage)
             ... on level 4 of the Dungeon.
             The game lasted 00:03:14 (2967 turns).

ytrimaz the Insei (Demonspawn Shapeshifter)         Turns: 2967, Time: 00:03:15

Health: -1/43      AC: 10    Str: 14    XL:     6   Next: 62%
Magic:  7/8        EV:  4    Int: 12    God:    Lugonu [**....]
Gold:   101        SH:  0    Dex: 14    Spells: 5/5 levels left

rFire   . .          .
                       - Unarmed
rCold   . . .        (no shield)
rNeg    . . .        v - +0 plate armour of Sazeihaf {Slay+4 Stlth+}
rPois   .            (helmet currently unavailable)
rElec   .            (cloak currently unavailable)
rCorr   .            (gloves currently unavailable)
SInv    .            (boots currently unavailable)
Will    +....        (no amulet) Stlth
                     o - ring of willpower
HPRegen 0.27/turn    (no ring)
MPRegen 0.11/turn

%: no passive effects
@: beast-form
A: beast (slay +2), demonic touch 2
a: Begin Untransformation, Renounce Religion, Depart the Abyss, Banish


You were on level 4 of the Dungeon.
You worshipped Lugonu.
Lugonu was pleased with you.
You were a hulking beast.
You visited 1 branch of the dungeon, and saw 4 of its levels.

You collected 249 gold pieces.
You spent 148 gold pieces at shops.


Innate Abilities, Weirdness & Mutations

You are a hulking beast.
Your limbs bulge with bestial killing power. (Slay +2)
Your touch may inflict irresistible damage on your foes.


   Skills:
 - Level 1.0 Fighting
 - Level 1.7 Dodging
 + Level 5.0 Unarmed Combat
 + Level 2.6 Invocations
 + Level 4.6 Shapeshifting


You had 5 spell levels left.
You didn't know any spells.
Your spell library contained the following spells:

 Spells                   Type           Power      Damage    Failure   Level
 Necrotise                Necr           0%         1d4       100%        1
 Blink                    Tloc           0%         N/A       100%        2
 Lesser Beckoning         Tloc           0%         N/A       100%        2
 Momentum Strike          Conj/Tloc      0%         3d8       100%        2
 Vampiric Draining        Necr           0%         2d6       100%        3
 Agony                    Necr           0%         N/A       100%        5

Inventory:

Armour
 a - a +0 animal skin
 e - a +2 helmet
   (You found it on level 1 of the Dungeon)
 f - a +0 chain mail
   (You found it on level 1 of the Dungeon)
 v - the +0 plate armour of Sazeihaf (worn) {Slay+4 Stlth+}
   (You bought it in a shop on level 4 of the Dungeon)

   Slay+4:    It affects your accuracy & damage with ranged weapons and melee
   (+4).
   Stlth+:    It makes you more stealthy.
Jewellery
 o - a ring of willpower (left hand)
   (You found it on level 2 of the Dungeon)
 w - an amulet of faith
   (You found it on level 4 of the Dungeon)
Talismans
 c - a beast talisman
 d - a flux talisman
Wands
 r - a wand of flame (23)
   (You found it on level 3 of the Dungeon)
Scrolls
 g - a scroll of fear {unknown}
 h - 2 scrolls of poison {unknown}
 i - 2 scrolls of immolation {unknown}
 k - a scroll of noise {unknown}
 l - 3 scrolls of vulnerability {unknown}
 n - 6 scrolls of identify {unknown}
 p - a scroll of amnesia {unknown}
 q - a scroll of silence {unknown}
 s - a scroll of enchant armour {unknown}
 t - 2 scrolls of enchant weapon {unknown}
 u - 3 scrolls of teleportation {unknown}
Potions
 b - a potion of lignification
 j - a potion of heal wounds {unknown}
 m - a potion of brilliance {unknown}

Dungeon Overview and Level Annotations

Branches:
Dungeon (4/15) Zot: 21046
 Temple: D:4-7

Altars:
Lugonu

Shops:
D:4

* ..##. ..#..#### ........##
.........## ....<......#
......#...........##
#.....#........)...##
#..............hg...#
#..#..............###
##.........#.......#
##........##......## ###
...........##...###### ..#
.#....##.#........#..##### ...#
..#####..##............#.# ...##.
..#####..........##...##.##......
...>.............##..............


You could see a gnoll.


Message History

Your hp is fully restored (43).
Okay, then.
An endoplasm is nearby!
The endoplasm freezes you.
You are frozen. 😕 HP[-3]
You take 3 damage, and now have 40/43 hp.
You punch the endoplasm!
You kill the endoplasm!
Lugonu accepts your kill.
Unknown command.
No target in view!
n - 6 scrolls labelled COOXETT JOMAJU (gained 1) Key pressed, stopping explore.
Key pressed, stopping explore.
A ball python comes into view.
The ball python hisses angrily. 😎 HP[+3]
Your hp is fully restored (43).
A ball python is nearby!
A ball python is nearby!
A ball python is nearby!
A ball python is nearby!
You punch the ball python!
You kill the ball python!
Lugonu accepts your kill.
No target in view!
No target in view!
Unknown command.
Key pressed, stopping explore.
Things that are here:
a +0 club; a +0 dagger of venom
Found a stone staircase leading down.
Key pressed, stopping explore.
Key pressed, stopping explore.
Key pressed, stopping explore.
A gnoll comes into view. It is wielding a +0 spear.
Found a stone staircase leading up.
A gnoll is nearby!
A gnoll is nearby!
A gnoll is nearby!
A gnoll is nearby!
A gnoll is nearby!
A gnoll is nearby!
A gnoll is nearby!
A gnoll is nearby!
A gnoll is nearby!
A gnoll is nearby!
A gnoll comes into view. It is wielding a +0 flail.
The gnoll shouts!
A gnoll comes into view. It is wielding a +0 halberd.
The gnoll hits you with a +0 spear. 😕 HP[-4]
You take 4 damage, and now have 39/43 hp.
You hit the gnoll.
The gnoll hits you with a +0 spear. 😕 HP[-2]
You take 2 damage, and now have 37/43 hp.
Unknown command.
You punch the gnoll! The gnoll hits you but does no damage.
The gnoll hits you with a +0 flail.
The gnoll hits you from afar with a +0 halberd. 😮 HP[-5]
You take 5 damage, and now have 32/43 hp.
Unknown command.
You hit the gnoll.
You kill the gnoll!
Lugonu accepts your kill. The gnoll hits you but does no damage.
The gnoll hits you from afar with a +0 halberd! 😮 HP[-10]
You take 10 damage, and now have 22/43 hp.
MASSIVE DAMAGE!! (PAUSE)
You are too injured to fight recklessly!
You are too injured to fight recklessly!
Unknown command.
You punch the gnoll! The gnoll hits you with a +0 flail.
* * * LOW HITPOINT WARNING * * *
The gnoll hits you from afar with a +0 halberd.
* * * LOW HITPOINT WARNING * * *
😨 HP[-3]
You take 3 damage, and now have 19/43 hp.
You barely miss the gnoll. The gnoll hits you but does no damage.
The gnoll hits you from afar with a +0 halberd!
* * * LOW HITPOINT WARNING * * *
😱 HP[-10]
You take 10 damage, and now have 9/43 hp.
MASSIVE DAMAGE!! (PAUSE)
The gnoll barely misses you. The gnoll hits you but does no damage.
You see here a +0 spear.
Unknown command.
You closely miss the gnoll.
You touch the gnoll!
The gnoll hits you but does no damage. The gnoll hits you with a +0 halberd.
* * * LOW HITPOINT WARNING * * *
😱 HP[-3]
You take 3 damage, and now have 6/43 hp.
You punch the gnoll!
You kill the gnoll!
Lugonu accepts your kill. The gnoll hits you with a +0 flail!
You die...

Skill      XL: |  1  2  3  4  5  6 |
---------------+-------------------+-----
Unarmed Combat | 3 4 5 |  5.0
Shapeshifting  | 3 4 |  4.6
Invocations    | 1 2 |  2.6
Fighting       | |  1.0
Dodging        | |  1.7

Action                     |  1- 3 |  4- 6 || total
---------------------------+-------+-------++-------
  Melee: Unarmed           |    84 |   110 ||   194
         Touch             |    12 |    20 ||    32
         Punch             |     1 |     2 ||     3
    Use: Potion            |       |     1 ||     1
 Armour: Chain mail        |    59 |    42 ||   101
         Animal skin       |     1 |       ||     1
         Plate armour      |       |    48 ||    48
  Dodge: Dodged            |    27 |    38 ||    65

Levels and vault maps discovered:
D:1:      minmay_arrival_open_corners, layout_basic
D:2:      layout_rooms, shapermc_ecumenical_altar_mp_urbaneastern,
          kennysheep_generic_room_4
D:3:      layout_basic, chequers_decorated_corner, grunt_ministairs_15
D:4:      layout_cave_pools, nicolae_shop_clearance

Notes
Turn   | Place    | Note
-------+----------+-------------------------------------------
     0 | D:1      | ytrimaz the Demonspawn Shapeshifter began the quest for the
                  | Orb.
     0 | D:1      | Reached XP level 1. HP: 15/15 MP: 1/1
     0 | D:1      | magus.rc [v1.9.6]
   135 | D:1      | You pick up a book of Necromancy and begin reading...
   135 | D:1      | You add the spells Necrotise, Vampiric Draining and Agony
                  | to your library.
   266 | D:1      | Reached skill level 3 in Unarmed Combat
   269 | D:1      | Gained mutation: Your touch may inflict minor irresistible
                  | damage on your foes. [demonic ancestry]
   269 | D:1      | Reached XP level 2. HP: 13/21 MP: 2/2
   357 | D:1      | Reached skill level 3 in Shapeshifting
   851 | D:2      | Found a faded altar of an unknown god.
   876 | D:2      | Prayed at the altar of an unknown god.
   876 | D:2      | Became a worshipper of Lugonu the Unformed
   876 | D:2      | Reached * piety under Lugonu
   980 | D:2      | Reached XP level 3. HP: 26/26 MP: 3/3
  1497 | D:3      | Gained mutation: Your touch may inflict irresistible damage
                  | on your foes. [demonic ancestry]
  1497 | D:3      | Reached XP level 4. HP: 21/32 MP: 4/4
  1516 | D:3      | Reached skill level 4 in Unarmed Combat
  1592 | D:3      | Reached XP level 5. HP: 37/37 MP: 5/5
  1625 | D:3      | Reached skill level 4 in Shapeshifting
  1829 | D:3      | Reached ** piety under Lugonu
  1832 | D:3      | HP: 8/37 [gnoll/+0 halberd (7)]
  2033 | D:3      | You pick up a book of Spatial Translocations and begin
                  | reading...
  2033 | D:3      | You add the spells Blink, Momentum Strike and Lesser
                  | Beckoning to your library.
  2247 | D:4      | HP: 9/37 [poisoned by an orc]
  2466 | D:4      | Found Duit's CLEARANCE SALE!.
  2481 | D:4      | Bought the +0 plate armour of Sazeihaf {Slay+4 Stlth+} for
                  | 148 gold pieces
  2547 | D:4      | Reached skill level 1 in Invocations
  2549 | D:4      | Noticed a phantom
  2563 | D:4      | Killed a phantom
  2564 | D:4      | Reached XP level 6. HP: 38/43 MP: 5/7
  2657 | D:4      | Reached skill level 2 in Invocations
  2695 | D:4      | Reached skill level 5 in Unarmed Combat
  2964 | D:4      | HP: 9/43 [gnoll/+0 halberd (10)]
  2967 | D:4      | Slain by a gnoll

Vanquished Creatures
  2 phantoms (D:4)
  An orc priest (D:3)
  An orc wizard (D:3)
  5 gnolls
  11 adders
  3 worms
  A dart slug (D:2)
  4 orcs
  3 bats
  7 endoplasms
  A giant cockroach (D:2)
  4 goblins
  2 hobgoblins
  4 jackals (D:3)
  2 quokkas
  9 ball pythons
  3 frilled lizards
  7 kobolds
  9 rats
79 creatures vanquished.

Table legend:
 A = Non-vault XP
 B = Vault XP
 C = Vault XP percentage of total XP
 D = Non-vault monster count
 E = Vault monster count
 F = Vault count percentage of total count
                 A         B        C        D         E       F
            +---------+---------+-------+---------+---------+-------
      Total |     562 |      55 |   8.9 |      75 |       4 |   5.1
            +---------+---------+-------+---------+---------+-------
        D:1 |      23 |       0 |   0.0 |      16 |       0 |   0.0
        D:2 |      55 |       0 |   0.0 |      17 |       0 |   0.0
        D:3 |     169 |      55 |  24.6 |      20 |       4 |  16.7
        D:4 |     315 |       0 |   0.0 |      22 |       0 |   0.0
            +---------+---------+-------+---------+---------+-------

Skill      XL: |  1  2  3  4  5  6 |
---------------+-------------------+-----
Unarmed Combat | 3 4 5 |  5.0
Shapeshifting  | 3 4 |  4.6
Invocations    | 1 2 |  2.6
Fighting       | |  1.0
Dodging        | |  1.7

Action                     |  1- 3 |  4- 6 || total
---------------------------+-------+-------++-------
  Melee: Unarmed           |    84 |   110 ||   194
         Touch             |    12 |    20 ||    32
         Punch             |     1 |     2 ||     3
    Use: Potion            |       |     1 ||     1
 Armour: Chain mail        |    59 |    42 ||   101
         Animal skin       |     1 |       ||     1
         Plate armour      |       |    48 ||    48
  Dodge: Dodged            |    27 |    38 ||    65

Illustrated notes

Table legend:
 A = Kills in this place as a percentage of kills in the entire game.
 B = Kills by you in this place as a percentage of kills by you in the entire game.
 C = Kills by friends in this place as a percentage of kills by friends in the entire game.
 D = Other kills in this place as a percentage of other kills in the entire game.
 E = Experience gained in this place as a percentage of experience gained in the entire game.
 F = Experience gained in this place divided by the number of levels of this place that you have seen.
                   A       B       C       D       E      F
               +-------+-------+-------+-------+-------+----------------------
         Total | 100.0 | 100.0 |   N/A |   N/A | 100.0 | 154.2
       Dungeon | 100.0 | 100.0 |   N/A |   N/A | 100.0 | 154.2
               +-------+-------+-------+-------+-------+----------------------

Table legend: (Time is in decaauts)
 A = Elapsed time spent in this place.
 B = Non-inter-level travel time spent in this place.
 C = Inter-level travel time spent in this place.
 D = Time resting spent in this place.
 E = Time spent auto-exploring this place.
 F = Levels seen in this place.
 G = Mean time per level.
                   A        B        C        D        E       F      G
               +--------+--------+--------+--------+--------+-----+--------+
         Total |   2952 |   2859 |     93 |    211 |   2130 |   4 |  738.0 |
       Dungeon |   2952 |   2859 |     93 |    211 |   2130 |   4 |  738.0 |
               +--------+--------+--------+--------+--------+-----+--------+

Top non-repeatable levels by time:
     D:3: 1044 daAuts
     D:4: 729 daAuts
     D:1: 636 daAuts
     D:2: 541 daAuts
